 Dungeon Crawl Stone Soup version 0.17.0-28-g6e173f8 (webtiles) character file.

86 plasmid the Chiller (level 4, 0/30 HPs)
             Began as a Merfolk Ice Elementalist on Dec 2, 2015.
             Slain by an orc
             ... wielding a +0 mace
              (6 damage)
             ... on level 3 of the Dungeon.
             The game lasted 00:17:50 (1647 turns).

plasmid the Chiller (Merfolk Ice Elementalist)      Turns: 1647, Time: 00:17:51

Health: 0/30       AC:  3    Str:  8    XL:     4   Next: 49%
Magic:  4/7        EV: 14    Int: 15    God:
Gold:   119        SH:  0    Dex: 14    Spells: 2 memorised, 4 levels left

rFire  . . .     SeeInvis .     B - staff of energy
rCold  . . .     Clarity  .     a - +0 robe
rNeg   . . .     SustAt   .     (no shield)
rPois  .         Gourm    .     (no helmet)
rElec  .         Spirit   .     n - +0 cloak
rCorr  .         Warding  .     (no gloves)
rMut   .         Stasis   .     (no boots)
MR     .....                    (no amulet)
Stlth  ++........               (no ring)
                                (no ring)

@: not resistant to hostile enchantments, unstealthy
A: change form in water, swift swim
a: no special abilities


You were on level 3 of the Dungeon.
You were not hungry.

You visited 1 branch of the dungeon, and saw 3 of its levels.

You collected 119 gold pieces.

Inventory:

Hand Weapons
 d - a +0 club
 e - a +0 dagger of freezing
 l - a +0 mace
 m - a cursed -2 hunting sling
 u - a +0 hunting sling
 y - a +0 dagger of venom
Missiles
 f - 153 stones (quivered)
 i - 54 arrows
Armour
 a - a +0 robe (worn)
 k - a +0 robe
 n - a +0 cloak (worn)
 z - a +0 centaur barding
Magical Staves
 B - an uncursed staff of energy (weapon)
Scrolls
 g - 7 scrolls of identify
 j - a scroll of fear {unknown}
 p - 2 scrolls of teleportation {unknown}
 q - a scroll of remove curse
 r - a scroll of magic mapping {unknown}
 t - a scroll of noise {unknown}
 v - a scroll of enchant weapon {unknown}
 w - a scroll of blinking {unknown}
Potions
 h - a potion of ambrosia {unknown}
 s - a potion of might {unknown}
 A - a potion of lignification {unknown}
Books
 b - a book of Frost

   Spells                             Type                      Level
   a - Freeze                         Ice                          1
   b - Throw Frost                    Conjuration/Ice              2
   c - Ozocubu's Armour               Charms/Ice                   3
   d - Throw Icicle                   Conjuration/Ice              4
   e - Summon Ice Beast               Ice/Summoning                4
   f - Condensation Shield            Ice                          4
Comestibles
 c - 2 bread rations
 o - a meat ration
 x - 8 chunks of flesh


   Skills:
 + Level 4.0 Dodging
 + Level 2.6 Stealth
 - Level 2.0 Spellcasting
 - Level 0.7 Conjurations
 * Level 4.8 Ice Magic


You had 4 spell levels left.
You knew the following spells:

 Your Spells              Type           Power        Failure   Level  Hunger
a - Freeze                Ice            ###.         3%          1    None
b - Throw Frost           Conj/Ice       #.....       12%         2    None


Dungeon Overview and Level Annotations

Branches:
Dungeon (3/15)

Altars:


Message History

There is a stone staircase leading up here.
Casting: Throw Frost
Confirm with . or Enter, or press ? or * to list all spells.
Aiming: Freeze
Press: ? - help, Shift-Dir - straight line, f - orc priest
Aim: an orc priest, wielding a club (lightly wounded)
You freeze the orc priest.
The orc priest is moderately wounded.
The orc hits you with a mace.
* * * LOW HITPOINT WARNING * * *
The orc priest barely misses you.
Casting: Freeze
Confirm with . or Enter, or press ? or * to list all spells.
Aiming: Freeze
Press: ? - help, Shift-Dir - straight line, f/p - orc priest
Aim: an orc priest, wielding a club (moderately wounded)
You freeze the orc priest.
The orc priest is almost dead.
The orc hits you with a mace.
You die...

#.#.#.#.........
#.....#..##.....
#.....#..###############.
#.....#.>................
#........#.##########.###
#..##.#....# #...#
#......รท...# #.###
#.###.##o..# #.# #.
#..o@..# #.# #.
#####.....# #.##### #.
........ #......
####....# ####### .....
....# .... ..#


You could see an orc priest and an orc.

Vanquished Creatures
  4 adders
  4 giant geckos
  An orc (D:2)
  4 giant cockroaches
  6 hobgoblins
  A quokka (D:2)
  4 bats
  2 giant newts
  13 goblins
  3 kobolds
  3 rats
45 creatures vanquished.

Notes
Turn   | Place    | Note
--------------------------------------------------------------
     0 | D:1      | plasmid the Merfolk Ice Elementalist began the quest for the Orb.
     0 | D:1      | Reached XP level 1. HP: 13/13 MP: 3/3
   456 | D:1      | Reached XP level 2. HP: 19/19 MP: 0/5
   765 | D:2      | Reached skill level 4 in Ice Magic
   813 | D:2      | Learned a level 2 spell: Throw Frost
   880 | D:2      | Reached XP level 3. HP: 24/24 MP: 3/6
  1357 | D:2      | Reached XP level 4. HP: 28/30 MP: 4/7
  1647 | D:3      | Slain by an orc

Action                   |  1- 3 |  4- 6 || total
-------------------------+-------+-------++-------
Melee: Dagger            |    27 |     6 ||    33
       Staff             |       |     2 ||     2
 Cast: Freeze            |    50 |    16 ||    66
       Throw Frost       |       |     2 ||     2
Evoke: Staff of energy   |       |     1 ||     1
  Use: Scroll            |     2 |       ||     2
  Eat: Chunk             |     2 |     2 ||     4
